Map: Jagannatha LE

Players

Nice - Winner!

  • Race: Protoss Protoss

ButAlways

  • Race: Protoss Protoss

Event: DreamHack SC2 Masters 2021 Fall

VOD

Have the link to the VOD?

Description

Time

  • Played on: July 30, 2021, 8:03 a.m.
  • Length: 7:19

All games in this series

Show
View Real Time Build Order
Export as new Build Order

Nice Protoss - Winner!

Build Orders:  

Get SALT Encoding   

  12  0:02  Probe  
  13  0:14  Probe  
  13  0:18  Pylon  
  14  0:26  Probe (Chrono Boost)  
  15  0:38  Probe (Chrono Boost)  
  15  0:39  Gateway  
  16  0:43  Probe (Chrono Boost)  
  16  0:47  Assimilator  
  17  0:53  Probe  
  18  0:57  Assimilator  
  18  1:05  Probe (Chrono Boost)  
  18  1:10  Gateway  
  19  1:14  Probe (Chrono Boost)  
  20  1:19  Probe (Chrono Boost)  
  21  1:26  Cybernetics Core  
  21  1:31  Probe  
  22  1:37  Pylon  
  22  1:44  Probe  
  23  1:56  Probe  
  24  2:03  Stalker x2, Warp Gate  
  29  2:08  Probe  
  29  2:13  Pylon  
  29  2:33  Stalker x2  
  33  2:59  Nexus  
  33  3:07  Stalker  
  33  3:09  Sentry  
  35  3:20  Robotics Facility  
  35  3:25  Shield Battery  
  35  3:30  Shield Battery  
  35  3:49  Stargate  
  35  3:59  Pylon  
  35  4:04  Immortal (Chrono Boost)  
  39  4:11  Stalker  
  41  4:20  Stalker  
  43  4:26  Shield Battery  
  43  4:40  Immortal (Chrono Boost)  
  45  4:51  Phoenix (Chrono Boost)  
  47  5:06  Zealot x2  
  50  5:12  Observer  
  51  5:16  Phoenix (Chrono Boost)  
  53  5:31  Observer  
  47  5:36  Immortal (Chrono Boost)  
  53  5:43  Zealot x2  
  56  5:56  Phoenix  
  59  6:09  Adept x2  
  57  6:27  Phoenix (Chrono Boost)  
  57  6:32  Probe x2  
  61  6:37  Pylon  
  61  6:39  Pylon  
  59  6:51  Adept  
  59  6:52  Probe  
  62  6:55  Probe  
  62  6:57  Pylon  
  63  7:04  Probe  
Show
View Real Time Build Order
Export as new Build Order

ButAlways Protoss 

Build Orders:  

Get SALT Encoding   

  12  0:00  Probe  
  13  0:12  Probe  
  14  0:17  Pylon  
  14  0:24  Probe (Chrono Boost)  
  15  0:36  Probe (Chrono Boost)  
  15  0:38  Gateway  
  16  0:45  Probe (Chrono Boost)  
  16  0:46  Assimilator  
  17  0:51  Probe  
  17  0:54  Assimilator  
  18  1:03  Probe (Chrono Boost)  
  19  1:11  Gateway  
  19  1:13  Probe (Chrono Boost)  
  19  1:18  Probe (Chrono Boost)  
  21  1:26  Cybernetics Core  
  21  1:29  Probe  
  22  1:36  Pylon  
  22  1:41  Probe  
  23  2:00  Warp Gate (Chrono Boost)  
  23  2:02  Stalker x2  
  23  2:06  Pylon  
  27  2:25  Robotics Facility  
  27  2:32  Stalker x2  
  31  2:48  Gateway  
  31  3:02  Stalker x2  
  33  3:13  Warp Prism (Chrono Boost)  
  33  3:28  Robotics Bay  
  33  3:48  Pylon  
  33  3:50  Stalker x2  
  37  3:59  Stalker  
  39  4:16  Disruptor (Chrono Boost)  
  42  4:25  Pylon  
  42  4:26  Stalker  
  44  4:32  Stalker  
  44  4:52  Zealot x2  
  48  4:57  Disruptor  
  51  5:03  Pylon  
  51  5:09  Stalker  
  53  5:17  Adept  
  55  5:24  Adept  
  57  5:35  Adept  
  53  5:40  Stalker  
  53  5:45  Adept  
  55  5:55  Stalker  
  57  6:03  Adept  
  59  6:10  Adept  
  61  6:14  Adept  
  61  6:24  Warp Prism (Chrono Boost)  
  54  6:33  Adept  
  41  6:54  Stalker x2  

Tags
 
Add a new tag
Caveats
  • Supply blocks, unpowered buildings, or Contaminate may cause inaccurate times.
  • Supply counts are checked every 10 seconds.